Description

Muta, Ling, Bling

This is the Zerg's perspective from Haffey vs Texturace. This was after a few hours of coaching. There are some things that happened late that should be noted.

1-1 (and therefore 2-2) was LATE. Start them the second the Evo chambers finish.

The Spire was LATE. Get the Spire around the same time as baneling speed right when the lair pops.

Replay - Haffey v Texturace - Golden Wall LE

Build Order

Get SALT Encoding   

  12  0:01  Drone  
  13  0:12  Overlord  
  13  0:17  Drone  
  14  0:30  Drone x3  
  17  0:54  Hatchery  
  17  0:56  Drone  
  17  1:01  Drone, Extractor  
  17  1:16  Spawning Pool  
  16  1:19  Drone x2  
  18  1:28  Drone  
  19  1:39  Drone  
  20  1:49  Drone  
  21  2:06  Queen x2, Zergling x4  
  27  2:09  Metabolic Boost  
  27  2:12  Drone  
  28  2:21  Overlord  
  28  2:37  Hatchery  
  27  2:39  Drone  
  28  2:48  Queen  
  28  2:49  Drone x3  
  32  2:55  Drone x2  
  34  3:03  Overlord  
  35  3:06  Drone  
  36  3:29  Overlord, Drone x5  
  41  3:45  Queen x2  
  41  3:46  Overlord  
  45  3:50  Drone x6  
  51  3:58  Queen  
  53  4:02  Overlord x2  
  53  4:15  Drone x7  
  60  4:17  Extractor  
  59  4:24  Baneling Nest  
  59  4:30  Drone x8  
  66  4:48  Overlord x2  
  66  4:57  Extractor  
  65  5:04  Zergling x12  
  65  5:05  Evolution Chamber x2  
  70  5:07  Drone x8  
  70  5:13  Lair  
  77  5:26  Extractor  
  77  5:27  Drone x3  
  79  5:34  Drone x3, Hatchery x2  
  79  5:35  Overlord x2  
  80  5:48  Zergling x20  
  90  6:03  Extractor  
  89  6:05  Zerg Ground Armor Level 1, Zerg Melee Weapons Level 1  
  89  6:15  Drone x4  
  89  6:16  Spire  
  89  6:17  Centrifical Hooks  
  89  6:18  Extractor  
  91  6:21  Baneling x6  
  91  6:23  Overlord x4  
  91  6:26  Drone x3  
  94  6:58  Zergling x24  
  108  7:14  Overlord x3  
  106  7:22  Baneling x15  
  106  7:26  Zergling x28  
  106  7:29  Overlord  
Spawning Tool Build Advisor. Get it on Overwolf

Analysis

Getting the hang of this BO should get your ZvT vs a standard Terran opener somewhere in the low to mid masters range easily.

Go to:

Details

  • Created by: Texturace
  • Published on: May 15, 2020
  • Modified on: Jun 15, 2020
  • Patch: 4.11.0
  • Difficulty: Medium
Show
View Real Time Build Order
Export as new Build Order

Comments (0)

There are no comments. Be the first!

Create an account to comment!